TOP OF THE 1ST |
Milwaukee (NYP) Brewers batting - Pitching for Cincinnati (NYP) Reds : LHP Haunani Moritiica
|
Pitching: LHP Haunani Moritiica
|
|
Batting: RHB Jose Cerritos
|
0-0: Foul Ball, location: 2F 0-1: Ball 1-1: Foul Ball, location: 2F 1-2: Foul Ball, location: 2F 1-2: Foul Ball, location: 2F 1-2: Ball 2-2: Ground out 6-3 (Groundball, 6, EV 88.1 MPH)
|
Batting: RHB Ryan Miller
|
0-0: Called Strike 0-1: Ball 1-1: Swinging Strike 1-2: Strikes out swinging
|
Batting: RHB Victor Alarcon
|
0-0: Foul Ball, location: 2F 0-1: Swinging Strike 0-2: Strikes out swinging
|
Top of the 1st over - 0 runs, 0 hits, 0 errors, 0 left on base; Milwaukee (NYP) 0 - Cincinnati (NYP) 0 |
BOTTOM OF THE 1ST |
Cincinnati (NYP) Reds batting - Pitching for Milwaukee (NYP) Brewers : RHP Eric Fragoso
|
Pitching: RHP Eric Fragoso
|
|
Batting: RHB Cyd Carver
|
0-0: Ball 1-0: Called Strike 1-1: Swinging Strike 1-2: Foul Ball, location: 2F 1-2: Foul Ball, location: 2F 1-2: Fly out, F8 (Flyball, 8LM, EV 85.6 MPH)
|
Batting: LHB Jamie Spangenberg
|
0-0: Swinging Strike 0-1: Fly out, F6 (Flyball, 4MD, EV 88.8 MPH)
|
Batting: LHB Matt Kennedy
|
0-0: Foul Ball, location: 2F 0-1: Ball 1-1: Ball 2-1: Called Strike 2-2: DOUBLE (Line Drive, 9LD, EV 103.1 MPH)
|
Batting: LHB Leo Gomez
|
0-0: Ball 1-0: SINGLE (Flyball, 34D, EV 82.5 MPH) Matt Kennedy to third Runner from 3rd tries for Home, SAFE, throw by RF to home
|
Batting: RHB Sang-ton Pak
|
0-0: Ball 1-0: Ball 2-0: Swinging Strike 2-1: Fly out, F7 (Flyball, 78S, EV 79.4 MPH)
|
Bottom of the 1st over - 1 run, 2 hits, 0 errors, 1 left on base; Milwaukee (NYP) 0 - Cincinnati (NYP) 1 |
TOP OF THE 2ND |
Milwaukee (NYP) Brewers batting - Pitching for Cincinnati (NYP) Reds : LHP Haunani Moritiica
|
Batting: SHB Aaron Neill
|
0-0: Foul Ball, location: 2F 0-1: SINGLE (Line Drive, 8LS, EV 96.9 MPH)
|
Batting: SHB Orlando Torres
|
0-0: Swinging Strike 0-1: Called Strike 0-2: Foul Ball, location: 2F 0-2: Ball 1-2: Ball 2-2: Strikes out looking
|
Batting: RHB Chris Riddel
|
0-0: Foul Ball, location: 2F 0-1: Called Strike 0-2: Strikes out swinging
|
Batting: RHB Michael Dickerson
|
0-0: Ball 1-0: Ball Aaron Neill steals 2nd base 2-0: Ball 3-0: Base on Balls
|
Batting: SHB Ramon Perez
|
0-0: Foul Ball, location: 2F 0-1: Ball 1-1: Ball Wild Pitch! Aaron Neill to third Michael Dickerson to second 2-1: Ball 3-1: Fly out, F8 (Flyball, 8RD, EV 95.6 MPH)
|
Top of the 2nd over - 0 runs, 1 hit, 0 errors, 2 left on base; Milwaukee (NYP) 0 - Cincinnati (NYP) 1 |
BOTTOM OF THE 2ND |
Cincinnati (NYP) Reds batting - Pitching for Milwaukee (NYP) Brewers : RHP Eric Fragoso
|
Batting: SHB Jaivata Mohanty
|
0-0: Called Strike 0-1: Foul Ball, location: 2F 0-2: Strikes out swinging
|
Batting: LHB Matthew Berry
|
0-0: Ball 1-0: Ball 2-0: Swinging Strike 2-1: Foul Ball, location: 2F 2-2: Ball 3-2: Ground out 5-3 (Groundball, 56, EV 82.5 MPH)
|
Batting: RHB Tim Walter
|
0-0: Ball 1-0: Fly out, F8 (Flyball, 8LM, EV 91.9 MPH)
|
Bottom of the 2nd over - 0 runs, 0 hits, 0 errors, 0 left on base; Milwaukee (NYP) 0 - Cincinnati (NYP) 1 |
TOP OF THE 3RD |
Milwaukee (NYP) Brewers batting - Pitching for Cincinnati (NYP) Reds : LHP Haunani Moritiica
|
Batting: RHB Justin Marino
|
0-0: Foul Ball, location: 2F 0-1: Ground out 6-3 (Groundball, 6S, EV 81.9 MPH)
|
Batting: RHB Jose Cerritos
|
0-0: Foul Ball, location: 2F 0-1: Foul Ball, location: 2F 0-2: Ball 1-2: Ball 2-2: Ball 3-2: Strikes out swinging
|
Batting: RHB Ryan Miller
|
0-0: Ball 1-0: Called Strike 1-1: Called Strike 1-2: Ball 2-2: Ball 3-2: Strikes out swinging
|
Top of the 3rd over - 0 runs, 0 hits, 0 errors, 0 left on base; Milwaukee (NYP) 0 - Cincinnati (NYP) 1 |
BOTTOM OF THE 3RD |
Cincinnati (NYP) Reds batting - Pitching for Milwaukee (NYP) Brewers : RHP Eric Fragoso
|
Batting: RHB John Hopkins
|
0-0: Foul Ball, location: 2F 0-1: Ball 1-1: Ball 2-1: Foul Ball, location: 2F 2-2: Foul Ball, location: 2F 2-2: Foul Ball, location: 2F 2-2: Foul Ball, location: 2F 2-2: Strikes out swinging
|
Batting: RHB Cyd Carver
|
0-0: Called Strike 0-1: Called Strike 0-2: Foul Ball, location: 2F 0-2: Ball 1-2: Strikes out swinging
|
Batting: LHB Jamie Spangenberg
|
0-0: Reached on error, E5 (Groundball, 5, EV 88.8 MPH)
|
Batting: LHB Matt Kennedy
|
0-0: Ground out 5-3 (Groundball, 5S, EV 66.2 MPH)
|
Bottom of the 3rd over - 0 runs, 0 hits, 1 error, 1 left on base; Milwaukee (NYP) 0 - Cincinnati (NYP) 1 |
TOP OF THE 4TH |
Milwaukee (NYP) Brewers batting - Pitching for Cincinnati (NYP) Reds : LHP Haunani Moritiica
|
Batting: RHB Victor Alarcon
|
0-0: Ball 1-0: Ground out 1-3 (Groundball, 34S, EV 70.6 MPH)
|
Batting: SHB Aaron Neill
|
0-0: Ball 1-0: Ball 2-0: Foul Ball, location: 2F 2-1: Ball 3-1: Fly out, F9 (Line Drive, 9, EV 93.8 MPH)
|
Batting: SHB Orlando Torres
|
0-0: Ball 1-0: Ball 2-0: Called Strike 2-1: Foul Ball, location: 2F 2-2: Ball 3-2: Foul Ball, location: 2F 3-2: Foul Ball, location: 2F 3-2: Foul Ball, location: 2F 3-2: Foul Ball, location: 2F 3-2: Hit by Pitch
|
Batting: RHB Chris Riddel
|
0-0: Called Strike 0-1: SINGLE (Groundball, 6MD, EV 94.4 MPH) Orlando Torres to second Runner from 2nd tries for 3rd, SAFE, throw by CF made to third
|
Batting: RHB Michael Dickerson
|
0-0: Called Strike 0-1: Swinging Strike 0-2: Strikes out swinging
|
Top of the 4th over - 0 runs, 1 hit, 0 errors, 2 left on base; Milwaukee (NYP) 0 - Cincinnati (NYP) 1 |
BOTTOM OF THE 4TH |
Cincinnati (NYP) Reds batting - Pitching for Milwaukee (NYP) Brewers : RHP Eric Fragoso
|
Batting: LHB Leo Gomez
|
0-0: Called Strike 0-1: Foul Ball, location: 2F 0-2: Ball 1-2: Strikes out looking
|
Batting: RHB Sang-ton Pak
|
0-0: Ball 1-0: Foul Ball, location: 2F 1-1: Ball 2-1: Ball 3-1: Ground out 4-3 (Groundball, 4, EV 80.6 MPH)
|
Batting: SHB Jaivata Mohanty
|
0-0: Foul Ball, location: 2F 0-1: Ball 1-1: Foul Ball, location: 2F 1-2: Ball 2-2: Fly out, F7 (Flyball, 7D, EV 95.6 MPH)
|
Bottom of the 4th over - 0 runs, 0 hits, 0 errors, 0 left on base; Milwaukee (NYP) 0 - Cincinnati (NYP) 1 |
TOP OF THE 5TH |
Milwaukee (NYP) Brewers batting - Pitching for Cincinnati (NYP) Reds : LHP Haunani Moritiica
|
Batting: SHB Ramon Perez
|
0-0: Ball 1-0: Called Strike 1-1: Ball 2-1: Ground out 4-3 (Groundball, 4, EV 96.9 MPH)
|
Batting: RHB Justin Marino
|
0-0: Ball 1-0: Foul Ball, location: 2F 1-1: Called Strike 1-2: Strikes out swinging
|
Batting: RHB Jose Cerritos
|
0-0: SINGLE (Groundball, 34D, EV 93.8 MPH)
|
Batting: RHB Ryan Miller
|
0-0: Called Strike 0-1: Foul Ball, location: 2F 0-2: Strikes out swinging
|
Top of the 5th over - 0 runs, 1 hit, 0 errors, 1 left on base; Milwaukee (NYP) 0 - Cincinnati (NYP) 1 |
BOTTOM OF THE 5TH |
Cincinnati (NYP) Reds batting - Pitching for Milwaukee (NYP) Brewers : RHP Eric Fragoso
|
Batting: LHB Matthew Berry
|
0-0: Ground out 4-3 (Groundball, 4M, EV 104.4 MPH)
|
Batting: RHB Tim Walter
|
0-0: Ground out 6-3 (Groundball, 6, EV 91.9 MPH)
|
Batting: RHB John Hopkins
|
0-0: Ground out 6-3 (Groundball, 6, EV 88.1 MPH)
|
Bottom of the 5th over - 0 runs, 0 hits, 0 errors, 0 left on base; Milwaukee (NYP) 0 - Cincinnati (NYP) 1 |
TOP OF THE 6TH |
Milwaukee (NYP) Brewers batting - Pitching for Cincinnati (NYP) Reds : LHP Haunani Moritiica
|
Batting: RHB Victor Alarcon
|
0-0: Ball 1-0: SINGLE (Groundball, 34S, EV 63.8 MPH) (infield hit)
|
Batting: SHB Aaron Neill
|
0-0: Ball Victor Alarcon is caught stealing 2nd base 2-4 1-0: Called Strike 1-1: Foul Ball, location: 2F 1-2: SINGLE (Groundball, 6D, EV 94.4 MPH)
|
Pitching: RHP Jaime Kijowski
|
|
Batting: SHB Orlando Torres
|
0-0: Swinging Strike 0-1: SINGLE (Line Drive, 7S, EV 103.8 MPH) Aaron Neill to second
|
Batting: RHB Chris Riddel
|
0-0: Called Strike 0-1: Fly out, F8 (Flyball, 8RD, EV 106.2 MPH)
|
Pinch Hitting: LHB John Fortin
|
0-0: Ball Wild Pitch! Aaron Neill to third Orlando Torres to second 1-0: Ball 2-0: Swinging Strike 2-1: Ground out 1-3 (Groundball, 25, EV 69.4 MPH)
|
Top of the 6th over - 0 runs, 3 hits, 0 errors, 2 left on base; Milwaukee (NYP) 0 - Cincinnati (NYP) 1 |
BOTTOM OF THE 6TH |
Cincinnati (NYP) Reds batting - Pitching for Milwaukee (NYP) Brewers : RHP Eric Fragoso
|
Now in LF: John Fortin
|
|
Now in RF: Victor Alarcon
|
|
Batting: RHB Cyd Carver
|
0-0: Fly out, F9 (Flyball, 9D, EV 105.6 MPH)
|
Batting: LHB Jamie Spangenberg
|
0-0: Called Strike 0-1: Called Strike 0-2: Strikes out swinging
|
Batting: LHB Matt Kennedy
|
0-0: Swinging Strike 0-1: Ball 1-1: Swinging Strike 1-2: Ball 2-2: Strikes out looking
|
Bottom of the 6th over - 0 runs, 0 hits, 0 errors, 0 left on base; Milwaukee (NYP) 0 - Cincinnati (NYP) 1 |
TOP OF THE 7TH |
Milwaukee (NYP) Brewers batting - Pitching for Cincinnati (NYP) Reds : RHP Jaime Kijowski
|
Batting: SHB Ramon Perez
|
0-0: Ball 1-0: Called Strike 1-1: Called Strike 1-2: Fly out, F9 (Flyball, 9, EV 90.6 MPH)
|
Pinch Hitting: RHB Chris Maul
|
0-0: Ball 1-0: Swinging Strike 1-1: Called Strike 1-2: Ball 2-2: Ball 3-2: Base on Balls
|
Batting: RHB Jose Cerritos
|
0-0: Ball 1-0: Ball 2-0: Fly out, F7 (Flyball, 7, EV 74.4 MPH)
|
Pinch Hitting: LHB Tyler Francis
|
0-0: Ball Chris Maul steals 2nd base 1-0: Called Strike 1-1: Foul Ball, location: 2F Balk! Chris Maul to third 1-2: Ball 2-2: Foul Ball, location: 2F 2-2: Ball 3-2: Strikes out swinging
|
Top of the 7th over - 0 runs, 0 hits, 0 errors, 1 left on base; Milwaukee (NYP) 0 - Cincinnati (NYP) 1 |
BOTTOM OF THE 7TH |
Cincinnati (NYP) Reds batting - Pitching for Milwaukee (NYP) Brewers : RHP Eric Fragoso
|
Pitching: LHP Iku Yoshino
|
|
Now at 1B: Tyler Francis
|
|
Now at SS: Chris Maul
|
|
Batting: LHB Leo Gomez
|
0-0: Ball 1-0: Swinging Strike 1-1: Ball 2-1: Ball 3-1: Called Strike 3-2: Foul Ball, location: 2F 3-2: Base on Balls
|
Pitching: RHP Bobby Primaticcio
|
|
Batting: RHB Sang-ton Pak
|
0-0: Ball 1-0: Called Strike 1-1: Ball 2-1: Ball 3-1: Base on Balls Leo Gomez to second
|
Pitching: RHP Marcus Jackson
|
|
Batting: SHB Jaivata Mohanty
|
0-0: Ball 1-0: Bunted foul 1-1: Bunted foul 1-2: Ball 2-2: Foul Ball, location: 2F 2-2: Strikes out swinging
|
Batting: LHB Matthew Berry
|
0-0: Ball Leo Gomez is caught stealing 3rd base 2-5 1-0: Ball 2-0: TRIPLE (Line Drive, 89XD, EV 99.4 MPH) Sang-ton Pak scores
|
Batting: RHB Tim Walter
|
0-0: Intentional Walk
|
Batting: RHB John Hopkins
|
0-0: Called Strike 0-1: Ball Tim Walter steals 2nd base 1-1: Foul Ball, location: 2F 1-2: Fly out, F4 (Popup, 4S, EV 87.5 MPH)
|
Bottom of the 7th over - 1 run, 1 hit, 0 errors, 2 left on base; Milwaukee (NYP) 0 - Cincinnati (NYP) 2 |
TOP OF THE 8TH |
Milwaukee (NYP) Brewers batting - Pitching for Cincinnati (NYP) Reds : RHP Jaime Kijowski
|
Batting: RHB Victor Alarcon
|
0-0: Called Strike 0-1: Ball 1-1: Fly out, F7 (Flyball, 78M, EV 90.0 MPH)
|
Batting: SHB Aaron Neill
|
0-0: Ball 1-0: Ball 2-0: Called Strike 2-1: Ground out 4-3 (Groundball, 4S, EV 80.0 MPH)
|
Batting: SHB Orlando Torres
|
0-0: Ball 1-0: Called Strike 1-1: Ball 2-1: Ball 3-1: Base on Balls
|
Batting: RHB Chris Riddel
|
0-0: Fly out, F9 (Flyball, 9, EV 91.2 MPH)
|
Top of the 8th over - 0 runs, 0 hits, 0 errors, 1 left on base; Milwaukee (NYP) 0 - Cincinnati (NYP) 2 |
BOTTOM OF THE 8TH |
Cincinnati (NYP) Reds batting - Pitching for Milwaukee (NYP) Brewers : RHP Marcus Jackson
|
Pinch Hitting: LHB Jeremy Robertson
|
0-0: Swinging Strike 0-1: Swinging Strike 0-2: Strikes out swinging
|
Batting: LHB Jamie Spangenberg
|
0-0: Ball 1-0: Called Strike 1-1: Ball 2-1: DOUBLE (Line Drive, 7LD, EV 96.9 MPH)
|
Batting: LHB Matt Kennedy
|
0-0: Called Strike 0-1: Called Strike 0-2: Ball 1-2: Foul Ball, location: 2F 1-2: SINGLE (Line Drive, 3D, EV 96.2 MPH) Jamie Spangenberg to third
|
Batting: LHB Leo Gomez
|
0-0: Ball 1-0: Called Strike 1-1: Ball 2-1: Foul Ball, location: 2F 2-2: Ball 3-2: Strikes out swinging
|
Batting: RHB Sang-ton Pak
|
0-0: Swinging Strike 0-1: Foul Ball, location: 2F 0-2: Strikes out swinging
|
Bottom of the 8th over - 0 runs, 2 hits, 0 errors, 2 left on base; Milwaukee (NYP) 0 - Cincinnati (NYP) 2 |
TOP OF THE 9TH |
Milwaukee (NYP) Brewers batting - Pitching for Cincinnati (NYP) Reds : RHP Jaime Kijowski
|
Pitching: LHP Davy Thorne
|
|
Now at 2B: Yasusaburo Kuwahara
|
|
Now at SS: Juan Zamora
|
|
Now in LF: Kevin Larsen
|
|
Now in RF: R.J. Romberg
|
|
Batting: LHB John Fortin
|
0-0: Ball 1-0: Swinging Strike 1-1: Ground out 4-3 (Groundball, 4, EV 86.2 MPH)
|
Batting: SHB Ramon Perez
|
0-0: Ball 1-0: Foul Ball, location: 2F 1-1: Foul Ball, location: 2F 1-2: Ball 2-2: Fly out, F8 (Flyball, 8RD, EV 86.9 MPH)
|
Batting: RHB Chris Maul
|
0-0: Foul Ball, location: 2F 0-1: Fly out, F8 (Flyball, 8LD, EV 76.9 MPH)
|
Top of the 9th over - 0 runs, 0 hits, 0 errors, 0 left on base; Milwaukee (NYP) 0 - Cincinnati (NYP) 2 |
|